Map: [ESL] Royal Blood

Players

Spirit

  • Race: Terran Terran
  • Spawn Location: 1:00

HeroMarine - Winner!

  • Race: Terran Terran
  • Spawn Location: 7:00

Event: ESL SC2 Masters 2023 Summer (Regionals)

VOD

Have the link to the VOD?

Description

Time

  • Played on: May 18, 2023, 9:29 a.m.
  • Length: 13:13

All games in this series

Show
View Real Time Build Order
Export as new Build Order

Spirit Terran 

Build Orders:  

Get SALT Encoding   

  12  0:00  SCV  
  13  0:12  SCV  
  14  0:17  Supply Depot  
  14  0:24  SCV  
  15  0:38  SCV  
  15  0:39  Barracks  
  16  0:43  Refinery  
  16  0:50  SCV  
  16  0:52  Refinery  
  17  1:02  SCV  
  18  1:14  SCV  
  19  1:26  Orbital Command, Reaper  
  19  1:31  Supply Depot  
  20  1:40  Factory  
  20  1:52  SCV  
  21  1:58  Reaper  
  22  2:04  SCV  
  23  2:15  Command Center  
  23  2:19  SCV  
  24  2:25  Hellion  
  25  2:32  SCV, Barracks Reactor  
  26  2:44  SCV, Supply Depot  
  27  2:47  Hellion  
  29  2:54  Starport  
  29  2:56  SCV  
  30  3:08  SCV, Marine x2  
  33  3:16  Factory Tech Lab  
  33  3:20  SCV  
  33  3:26  Marine x2  
  36  3:29  Refinery  
  36  3:31  Starport Tech Lab  
  36  3:32  SCV  
  38  3:43  Orbital Command  
  38  3:44  Marine, Cyclone  
  38  3:45  SCV  
  42  3:52  Raven  
  44  3:57  SCV  
  46  4:07  Supply Depot  
  46  4:09  SCV  
  46  4:10  SCV  
  46  4:16  Siege Tank  
  50  4:20  Marine x2  
  50  4:21  SCV, Supply Depot  
  50  4:22  SCV  
  54  4:33  SCV, Supply Depot  
  54  4:34  SCV  
  54  4:38  Marine  
  57  4:39  Raven  
  57  4:45  SCV  
  58  4:46  SCV  
  59  4:57  SCV  
  59  4:58  SCV, Command Center  
  61  5:09  SCV, Factory Reactor  
  61  5:10  Barracks, SCV  
  61  5:14  Raven  
  65  5:15  Barracks  
  65  5:17  Stimpack  
  65  5:21  SCV  
  65  5:22  SCV  
  67  5:28  Engineering Bay  
  67  5:30  Refinery  
  67  5:31  Engineering Bay  
  67  5:33  Marine, SCV  
  67  5:35  SCV  
  70  5:40  Supply Depot  
  70  5:46  SCV  
  70  5:47  SCV  
  72  5:55  Starport Reactor  
  70  5:58  SCV  
  70  5:59  SCV  
  70  6:00  Marine x2, Siege Tank  
  77  6:04  Terran Infantry Weapons Level 1, Terran Infantry Armor Level 1  
  77  6:08  Marine  
  77  6:10  SCV  
  79  6:11  SCV  
  79  6:13  Marine x2  
  79  6:18  Marine x2, Supply Depot  
  83  6:22  SCV  
  83  6:24  SCV  
  86  6:25  Marine  
  86  6:30  Orbital Command  
  86  6:31  Marine x2  
  89  6:34  SCV  
  89  6:35  Medivac  
  89  6:36  Marine x2  
  89  6:38  Medivac  
  96  6:40  SCV  
  96  6:41  Supply Depot  
  96  6:43  Marine  
  98  6:47  Siege Tank  
  98  6:48  Marine x2  
  98  6:50  SCV  
  98  6:53  Marine  
  104  6:54  Marine  
  104  6:57  Combat Shield  
  104  7:01  Marine  
  104  7:03  Supply Depot x2  
  104  7:05  SCV  
  104  7:06  Marine x2  
  108  7:10  Orbital Command  
  108  7:11  Marine  
  108  7:12  Marine  
  108  7:13  SCV  
  102  7:17  SCV  
  102  7:19  Marine  
  96  7:24  Marine x2  
  96  7:25  SCV  
  96  7:29  SCV, Marine  
  101  7:30  Marine, Medivac  
  101  7:36  SCV  
  101  7:37  Marine, SCV  
  105  7:41  SCV  
  105  7:42  Marine x2  
  110  7:47  Marine x2  
  110  7:48  SCV  
  110  7:49  Barracks  
  110  7:50  SCV, Armory  
  110  7:51  Barracks  
  114  7:52  Supply Depot  
  114  7:53  SCV  
  114  7:54  Marine  
  114  7:56  Siege Tank  
  119  8:00  Marine, SCV  
  119  8:03  Marine  
  119  8:05  Marine, SCV  
  121  8:09  Marine  
  121  8:10  SCV  
  121  8:12  Marine  
  115  8:17  Marine  
  114  8:20  Marine  
  114  8:23  Marine  
  119  8:27  Marine  
  119  8:28  Refinery, Siege Tank  
  119  8:29  Refinery  
  119  8:30  Marine, Viking x2, Sensor Tower  
  124  8:35  Marine  
  124  8:38  Marine  
  124  8:40  Marine  
  124  8:45  Marine  
  124  8:48  Marine  
  122  8:51  Terran Infantry Weapons Level 2, Terran Infantry Armor Level 2  
  122  8:53  Marine  
  121  8:57  Barracks Reactor  
  121  8:58  Barracks Reactor  
  121  9:00  SCV, Medivac x2, Command Center  
  124  9:03  Marine  
  124  9:06  Marine, Siege Tank  
  124  9:08  Marine  
  130  9:11  Marine x2  
  130  9:13  SCV  
  133  9:21  Marine  
  133  9:24  Marine  
  134  9:25  Marine  
  134  9:29  Marine x2  
  134  9:30  Viking, Supply Depot  
  140  9:33  Viking  
  140  9:35  Marine  
  140  9:37  Marine  
  140  9:39  Marine x3  
  140  9:42  Marine  
  140  9:43  Marine  
  145  9:48  Marine  
  145  9:49  Marine  
  140  9:53  Marine  
  141  10:02  Supply Depot  
  140  10:11  Marine x3  
  140  10:12  SCV, Siege Tank  
  141  10:18  Marine x5  
  141  10:19  Marine  
  144  10:27  SCV x2  
  146  10:29  Marine x3  
  149  10:38  Marine  
  149  10:45  Marine x3, Supply Depot  
  149  10:47  Viking  
  149  10:52  SCV  
  149  10:55  SCV  
  149  10:58  Marine  
  149  10:59  Marine  
  150  11:04  SCV  
  150  11:11  Marine x3  
  149  11:14  Marine  
  149  11:16  Marine  
  105  11:26  Liberator x2  
  105  11:29  Marine  
  105  11:30  Barracks, Marine  
  105  11:31  Barracks  
  92  11:33  Marine  
  92  11:37  Marine  
  92  11:46  Marine  
  85  11:48  Marine  
  85  11:51  Marine, Siege Tank  
  87  11:55  Marine  
  87  11:58  Planetary Fortress  
  87  12:04  Marine  
  87  12:06  Marine  
  82  12:09  Marine  
  82  12:13  Marine  
  78  12:16  Marine  
  78  12:22  Marine  
  77  12:23  Marine  
  77  12:26  Marine  
  78  12:31  Marine  
  70  12:40  Marine  
  70  12:41  Marine  
  67  12:44  Marine  
  67  12:49  Marine  
Show
View Real Time Build Order
Export as new Build Order

HeroMarine Terran - Winner!

Build Orders:  

Get SALT Encoding   

  12  0:00  SCV  
  13  0:12  SCV  
  14  0:16  Supply Depot  
  14  0:24  SCV  
  15  0:38  SCV  
  15  0:39  Barracks  
  16  0:43  Refinery  
  16  0:50  SCV  
  16  0:54  Refinery  
  17  1:02  SCV  
  18  1:14  SCV  
  19  1:26  Orbital Command, Reaper  
  19  1:31  Supply Depot  
  20  1:43  Factory  
  20  1:52  SCV  
  21  1:58  Barracks Reactor  
  21  2:04  SCV  
  22  2:18  Command Center  
  22  2:22  SCV  
  23  2:31  Hellion  
  23  2:34  SCV  
  23  2:36  Reaper  
  23  2:37  Reaper  
  27  2:45  Supply Depot  
  27  2:46  SCV  
  28  2:53  Hellion  
  28  2:58  SCV  
  31  3:00  Starport  
  31  3:10  Marine x2, SCV  
  34  3:14  Factory Tech Lab  
  34  3:22  SCV  
  35  3:30  Orbital Command  
  35  3:34  Cyclone  
  40  3:35  SCV  
  38  3:42  Medivac  
  38  3:43  Marine x2  
  38  3:47  SCV  
  42  3:59  SCV x2  
  42  4:00  Marine x2  
  45  4:05  Refinery  
  45  4:09  Cyclone  
  48  4:11  SCV  
  48  4:12  SCV  
  48  4:16  Supply Depot  
  50  4:17  Starport Tech Lab  
  50  4:18  Marine x2  
  50  4:23  SCV  
  50  4:24  SCV  
  54  4:32  Supply Depot  
  54  4:38  Marine x2, SCV x2  
  53  4:46  Raven, Siege Tank  
  53  4:50  SCV x2  
  60  4:55  Supply Depot  
  60  5:02  SCV x2  
  60  5:03  Command Center  
  60  5:05  Marine  
  60  5:06  Marine  
  62  5:14  SCV x2  
  62  5:18  Siege Tank  
  67  5:21  Refinery  
  67  5:23  Raven  
  67  5:26  SCV x2  
  71  5:30  Marine, Supply Depot  
  71  5:31  Marine  
  73  5:38  SCV x2  
  75  5:46  Barracks  
  75  5:47  Barracks  
  75  5:50  Siege Tank  
  75  5:52  SCV x2  
  80  6:03  Stimpack, Marine  
  80  6:04  SCV x2  
  80  6:07  Viking x2  
  84  6:16  Orbital Command, SCV x2  
  86  6:21  Marine  
  86  6:22  Siege Tank  
  90  6:28  SCV x2  
  90  6:30  Supply Depot  
  92  6:35  Marine x2  
  92  6:37  Liberator x2  
  92  6:38  Orbital Command, Marine  
  101  6:48  Engineering Bay  
  101  6:49  Engineering Bay  
  101  6:51  SCV x2  
  103  6:54  Siege Tank  
  103  6:56  Marine  
  103  6:59  Marine  
  108  7:03  SCV  
  108  7:07  SCV  
  109  7:15  SCV x2  
  103  7:19  SCV  
  103  7:21  Barracks Reactor x2  
  85  7:23  Viking  
  85  7:25  Viking  
  85  7:27  SCV x2, Siege Tank  
  94  7:30  Marine  
  94  7:31  SCV  
  96  7:39  SCV  
  96  7:40  SCV  
  96  7:43  Sensor Tower  
  98  7:45  SCV  
  98  7:48  Barracks x2  
  98  7:51  SCV, Supply Depot  
  100  7:56  Terran Infantry Weapons Level 1, Marine, Terran Infantry Armor Level 1  
  100  7:57  Marine x2, Missile Turret  
  103  7:59  Missile Turret  
  103  8:00  Marine x2  
  101  8:16  Marine  
  101  8:18  Marine, Medivac, Supply Depot  
  101  8:19  Marine x3, Medivac  
  107  8:20  Supply Depot  
  106  8:32  Siege Tank  
  109  8:34  Marine  
  109  8:40  Marine x4  
  112  8:48  Medivac  
  110  8:49  Combat Shield  
  110  8:52  Marine x3  
  110  8:57  Marine x4  
  114  9:03  Medivac  
  114  9:09  Siege Tank  
  119  9:10  Marine x3  
  119  9:13  Supply Depot  
  119  9:15  Marine, Supply Depot  
  119  9:16  Marine  
  124  9:18  Medivac  
  126  9:30  Marine x5  
  131  9:33  Medivac  
  131  9:37  Marine  
  131  9:38  Marine  
  128  9:48  Marine x5, Medivac  
  124  9:55  Marine x2  
  124  9:56  Siege Tank  
  129  10:03  Medivac  
  129  10:06  Marine x5  
  132  10:13  Marine x2  
  120  10:24  Marine  
  120  10:25  Marine  
  120  10:28  Siege Tank  
  127  10:33  Marine x2  
  127  10:34  Marine x2  
  133  10:37  Marine  
  133  10:42  Marine  
  131  10:43  Marine  
  131  10:50  Viking x2  
  131  10:51  Marine x2  
  131  10:52  Marine x2  
  131  10:54  Marine  
  137  10:59  Marine  
  137  11:00  Siege Tank  
  137  11:01  Marine  
  138  11:09  Marine x3  
  138  11:10  Marine  
  141  11:12  Marine  
  141  11:17  Marine  
  95  11:25  Marine  
  95  11:29  Marine x4  
  95  11:32  Siege Tank  
  97  11:37  Marine x2  
  99  11:43  Marine  
  94  11:49  Marine x3  
  94  11:52  Marine  
  95  11:55  Marine x2  
  93  12:06  Marine  
  93  12:07  Marine  
  92  12:08  Marine x2  
  92  12:09  Marine  
  92  12:13  Marine  
  92  12:14  Marine  
  89  12:23  Marine  
  89  12:25  Marine  
  89  12:27  Siege Tank  
  86  12:40  Marine x2  
  82  12:48  Marine x2  
  82  12:50  Marine  
  82  12:51  Marine  
Tags
 
Add a new tag
Caveats
  • Supply blocks, unpowered buildings, or Contaminate may cause inaccurate times.
  • Supply counts are checked every 10 seconds.